 Dungeon Crawl Stone Soup version 0.29.1-1-gd02db6906a (webtiles) character file.

Game seed: 2851782120466027776

1052 mcbry74 the Cleaver (level 8, -2/67 HPs)
             Began as a Hill Orc Fighter on Sept 29, 2022.
             Was an Initiate of Okawaru.
             Slain by Edmund
             ... wielding a +2 flail of protection
              (7 damage)
             ... on level 5 of the Dungeon.
             The game lasted 00:14:49 (5093 turns).

mcbry74 the Cleaver (Hill Orc Fighter)              Turns: 5093, Time: 00:14:50

Health: -2/67      AC: 14    Str: 19    XL:     8   Next: 26%
Magic:  9/9        EV: 10    Int: 10    God:    Okawaru [......]
Gold:   146        SH:  4    Dex: 10    Spells: 7/7 levels left

rFire   . . .      SeeInvis .   a - +0 war axe
rCold   . . .      Faith    .   c - +0 buckler
rNeg    . . .      Spirit   .   i - +4 ring mail
rPois   .          Reflect  .   q - +2 helmet
rElec   .          Harm     .   (no cloak)
rCorr   .          Rampage  .   D - +0 pair of gloves
Will    .....                   (no boots)
Stlth   ..........              (no amulet)
HPRegen 0.21/turn               (no ring)
MPRegen 0.11/turn               (no ring)

@: no status effects
A: no striking features
a: Renounce Religion


You were on level 5 of the Dungeon.
You worshipped Okawaru.
Okawaru was noncommittal.
You visited 2 branches of the dungeon, and saw 6 of its levels.

You collected 146 gold pieces.

Inventory:

Hand Weapons
 a - a +0 war axe (weapon)
Missiles
 h - 43 stones (quivered)
 p - 6 boomerangs
Armour
 b - a +0 scale mail
 c - a +0 buckler (worn)
 f - a +0 helmet
 i - a +4 ring mail (worn)
 q - a +2 helmet (worn)
 D - a +0 pair of gloves (worn)
Magical Staves
 y - a staff of death
Jewellery
 B - an amulet of regeneration
 E - a +6 ring of strength
Scrolls
 e - 2 scrolls of amnesia {unknown}
 j - a scroll of blinking {unknown}
 k - 4 scrolls of teleportation {unknown}
 n - a scroll of vulnerability {unknown}
 r - a scroll of torment {unknown}
 t - 2 scrolls of identify {unknown}
 v - a scroll of enchant weapon {unknown}
 w - 2 scrolls of enchant armour {unknown}
 C - a scroll of noise {unknown}
Potions
 g - 2 potions of heal wounds {unknown}
 l - 5 potions of degeneration {unknown}
 m - a potion of berserk rage {unknown}
 o - a potion of brilliance {unknown}
 s - a potion of resistance {unknown}
 u - a potion of magic {unknown}
 z - a potion of attraction {unknown}
 A - a potion of curing {unknown}


   Skills:
 + Level 4.7 Fighting
 * Level 10.7 Axes
 + Level 4.4 Armour
 + Level 4.4 Shields
 + Level 1.9 Invocations


You had 7 spell levels left.
You didn't know any spells.
Your spell library contained the following spells:

 Spells                   Type           Power      Damage    Failure   Level
 Magic Dart               Conj           0%         1d3       63%         1
 Searing Ray              Conj           0%         2d4       77%         2
 Ozocubu's Armour         Ice            0%         N/A       94%         3
 Fulminant Prism          Conj/Hex       0%         3d6       100%        4
 Metabolic Englaciation   Hex/Ice        0%         N/A       100%        5
 Simulacrum               Ice/Necr       Unusable   N/A       N/A         6

Dungeon Overview and Level Annotations

Branches:
Dungeon (5/15)             Temple (1/1) D:4

Altars:
Ashenzari
Cheibriados
Fedhas
Gozag
Nemelex Xobeh
Okawaru
Qazlal
Sif Muna
Trog
Uskayaw
Wu Jian
Xom
The Shining One

Shops:
D:2 (

Annotations:
D:5 Edmund


Message History

You barely miss Edmund.
Edmund is heavily wounded.
Edmund hits you but does no damage.
You hit Edmund but do no damage.
Edmund is heavily wounded.
Edmund hits you with a +2 flail of protection!
You hit Edmund.
Edmund is severely wounded.
Edmund closely misses you.
You barely miss Edmund.
Edmund is severely wounded.
Edmund closely misses you.
You hit Edmund but do no damage.
Edmund is heavily wounded.
Edmund hits you with a +2 flail of protection.
You completely miss Edmund.
Edmund is heavily wounded.
Edmund closely misses you.
You barely miss Edmund.
Edmund is heavily wounded.
Edmund barely misses you.
You closely miss Edmund.
Edmund is heavily wounded.
Edmund completely misses you.
You barely miss Edmund.
Edmund is heavily wounded.
Edmund hits you with a +2 flail of protection!
You slash Edmund!
Edmund is severely wounded.
Edmund asks, "Have you met my wondrous brother?"
Edmund hits you with a +2 flail of protection!
* * * LOW HITPOINT WARNING * * *
You hit Edmund but do no damage.
Edmund is severely wounded.
Edmund hits you with a +2 flail of protection!
* * * LOW HITPOINT WARNING * * *
Edmund attacks as you move away! Edmund hits you but does no damage.
Edmund attacks as you move away!
Edmund hits you with a +2 flail of protection!
You die...

#........... ####.##.....
### #.##.#..# ..#
#.##.#..# ####.# #........
..##.# ###...### # #.##.#
#...# #.##.##.# #...# #.#
####.....@.# #...### ..#
.....##.##@# #######......
..#
...........###............
..
........##.#..............
.
!...#######.....[.........
... #.....#..#.###.#...#.#
# #.._..####.# #.#......
###...##.##.# #.#...#.#
####### #........##<#
#.#...#.#


You could see Edmund.

Vanquished Creatures
  Eustachio (D:5)
  Menkaure (D:5)
  2 black bears
  An ogre (D:5)
  2 scorpions (D:5)
  A hound (D:5)
  A jelly (D:5)
  A gnoll bouda (D:5)
  Jessica (D:2)
  An orc wizard (D:4)
  Robin (D:3)
  8 gnolls
  6 adders
  A shadow imp (D:3)
  2 worms
  3 dart slugs
  8 orcs
  7 ball pythons
  5 bats
  9 endoplasms
  A giant cockroach (D:2)
  13 goblins
  11 hobgoblins
  11 jackals
  3 quokkas
  A frilled lizard (D:1)
  6 kobolds
  4 rats
112 creatures vanquished.

Vanquished Creatures (others)
  A plant (D:1)
1 creature vanquished.

Grand Total: 113 creatures vanquished

Notes
Turn   | Place    | Note
-------+----------+-------------------------------------------
     0 | D:1      | mcbry74 the Hill Orc Fighter began the quest for the Orb.
     0 | D:1      | Reached XP level 1. HP: 19/19 MP: 1/1
   158 | D:1      | Reached skill level 3 in Axes
   207 | D:1      | Reached XP level 2. HP: 22/27 MP: 2/2
   656 | D:2      | Reached XP level 3. HP: 32/33 MP: 3/3
   721 | D:2      | Noticed Jessica
   733 | D:2      | Killed Jessica
   734 | D:2      | Reached skill level 4 in Axes
   958 | D:2      | Found Weic's Weapon Boutique.
  1012 | D:2      | Reached XP level 4. HP: 40/40 MP: 4/4
  1440 | D:3      | Reached XP level 5. HP: 45/46 MP: 5/5
  1441 | D:3      | Reached skill level 5 in Axes
  1442 | D:3      | Noticed Robin
  1446 | D:3      | Killed Robin
  1545 | D:3      | Found a faded altar of an unknown god.
  1549 | D:3      | Noticed a floating eye
  1551 | D:3      | Noticed a shining eye
  1551 | D:3      | Noticed a great orb of eyes
  1551 | D:3      | Noticed a great orb of eyes
  1831 | D:4      | Reached skill level 6 in Axes
  1973 | D:4      | Found a snail-covered altar of Cheibriados.
  2063 | D:4      | Reached XP level 6. HP: 50/52 MP: 6/6
  2265 | D:4      | Identified the +1 leather armour of Disappointment {+Inv
                  | Will- Str+5}
  2349 | D:4      | Found a staircase to the Ecumenical Temple.
  2372 | D:5      | Entered Level 5 of the Dungeon
  2377 | D:5      | Found a sparkling altar of Nemelex Xobeh.
  2383 | D:5      | Reached skill level 7 in Axes
  2410 | D:5      | Noticed a black bear
  2424 | D:5      | Noticed Eustachio
  2427 | D:5      | Killed a black bear
  2428 | D:5      | Reached skill level 8 in Axes
  2454 | D:5      | Killed Eustachio
  2455 | D:5      | Reached skill level 9 in Axes
  2455 | D:5      | Reached XP level 7. HP: 45/59 MP: 7/7
  2456 | D:5      | Noticed Menkaure
  2701 | Temple   | Entered the Ecumenical Temple
  2888 | Temple   | Became a worshipper of Warmaster Okawaru
  2914 | D:5      | Killed Menkaure
  4388 | D:5      | Reached skill level 10 in Axes
  4518 | D:5      | Reached skill level 1 in Invocations
  4518 | D:5      | Reached XP level 8. HP: 50/67 MP: 8/8
  5067 | D:5      | Noticed Edmund
  5093 | D:5      | Slain by Edmund

Illustrated notes

Levels and vault maps discovered:
D:1:      kilobyte_arrival_exit_the_forest, layout_basic,
          nicolae_figureground_pulse
D:2:      layout_basic, serial_shops, nicolae_shop_bloodbath_and_beyond,
          uniq_jessica
D:3:      layout_loops_ring, hellmonk_ecumenical_altar_watching_god, uniq_robin
D:4:      layout_rooms, kennysheep_slug_shrine,
          minmay_temple_entry_from_below_a, grunt_ministairs_6
D:5:      layout_loops_cross, mainiacjoe_overflow_alcove_1, serial_shops,
          nicolae_shop_statue_plus, kennysheep_generic_room_15, uniq_eustachio,
          uniq_prince_ribbit1, uniq_edmund, uniq_menkaure
Temple:   chequers_temple_sunken

Skill      XL: |  1  2  3  4  5  6  7 |
---------------+----------------------+-----
Axes           | 3 4 6 9 10 | 10.7
Fighting       | 4 |  4.7
Armour         | 4 |  4.4
Shields        | 4 |  4.4
Invocations    | 1 |  1.9

Action                   |  1- 3 |  4- 6 |  7- 9 || total
-------------------------+-------+-------+-------++-------
Melee: War axe           |    63 |   204 |    94 ||   361
Throw: Stone             |       |     1 |     4 ||     5
       Dart              |       |       |     4 ||     4
  Use: Potion            |       |       |     1 ||     1
Armor: Scale mail        |     7 |       |       ||     7
       Ring mail         |    37 |   101 |    45 ||   183
Dodge: Dodged            |    39 |   103 |    43 ||   185
Block: Buckler           |    16 |    52 |    14 ||    82
